 Dungeon Crawl Stone Soup version 0.27-a0-1434-g6f15984924 (webtiles) character file.

Game seed: 18439451344885436710

522 Supercliff the Chiller (level 7, -6/40 HPs)
             Began as a Deep Elf Ice Elementalist on June 30, 2021.
             Was an Initiate of Sif Muna.
             Mangled by an orc (9 damage)
             ... on level 5 of the Dungeon on July 3, 2021.
             The game lasted 00:22:10 (5072 turns).

Supercliff the Chiller (Deep Elf Ice Elementalist)  Turns: 5072, Time: 00:22:11

Health: -6/40      AC:  4    Str:  5    XL:     7   Next: 2%
Magic:  25/35      EV: 12    Int: 22    God:    Sif Muna [......]
Gold:   1135       SH:  0    Dex: 15    Spells: 3/17 levels left

rFire    . . .     SeeInvis .   s - +2 short sword (venom)
rCold    . . .     Faith    .   (no shield)
rNeg     . . .     Spirit   .   a - +0 robe
rPois    .         Reflect  .   (no helmet)
rElec    .         Harm     .   c - +0 cloak
rCorr    .         Rampage  .   u - +0 pair of gloves
Will     .....                  (no boots)
Stlth    ++........             (no amulet)
HPRegen  0.13/turn              p - ring of magical power
MPRegen  0.24/turn              q - ring of magical power

@: no status effects
A: no striking features
a: Renounce Religion


You were on level 5 of the Dungeon.
You worshipped Sif Muna.
Sif Muna was noncommittal.
You visited 1 branch of the dungeon, and saw 5 of its levels.

You collected 1135 gold pieces.

Inventory:

Hand Weapons
 e - a +0 hunting sling
 f - a +0 short sword
 h - a +2 short sword of draining
 s - a +2 short sword of venom (weapon)
Missiles
 i - a throwing net
 k - 172 stones (quivered)
Armour
 a - a +0 robe (worn)
 c - a +0 cloak (worn)
 t - a +0 kite shield
 u - a +0 pair of gloves (worn)
Jewellery
 p - a ring of magical power (left hand)
 q - a ring of magical power (right hand)
 r - an amulet of the acrobat
 y - an amulet of magic regeneration
Wands
 d - a wand of polymorph (8)
 n - a wand of iceblast (4)
Scrolls
 g - 4 scrolls of identify
 o - a scroll of summoning
 v - a scroll of enchant armour {unknown}
 w - a scroll of enchant weapon {unknown}
 x - a scroll of fear {unknown}
Potions
 b - 2 potions of curing
 j - 2 potions of mutation {unknown}
 l - a potion of brilliance {unknown}
 m - a potion of heal wounds {unknown}


   Skills:
 - Level 2.0 Fighting
 - Level 1.0 Short Blades
 - Level 2.4 Dodging
 - Level 2.4 Stealth
 + Level 5.7 Spellcasting
 * Level 3.8 Conjurations
 + Level 1.0 Summonings
 + Level 6.1 Ice Magic


You had 3 spell levels left.
You knew the following spells:

 Your Spells              Type           Power      Damage    Failure   Level
a - Freeze                Ice            100%       1d11      1%          1
b - Hailstorm             Conj/Ice       28%        3d8       12%         4
c - Frozen Ramparts       Ice            66%        1d8       2%          3
d - Shadow Creatures      Summ           N/A        N/A       100%        6

Your spell library contained the following spells:

 Spells                   Type           Power      Damage    Failure   Level
 Ozocubu's Armour         Ice            33%        N/A       2%          3
 Metabolic Englaciation   Hex/Ice        9%         N/A       58%         5
 Summon Forest            Summ/Tloc      4%         N/A       91%         5
 Summon Mana Viper        Hex/Summ       8%         N/A       91%         5
 Summon Hydra             Summ           5%         N/A       100%        7


Dungeon Overview and Level Annotations

Branches:
Dungeon (5/15)
 Temple: D:4-7

Altars:
Sif Muna
Trog

Annotations:
D:3 2 runed translucent doors, miket3c's ghost, amateur GrCj


Message History

Aim: Eustachio, wielding a +0 rapier and wearing a +0 leather armour (almost dead, very poisoned)
You freeze Eustachio.
You kill Eustachio!
Sif Muna accepts your kill.
Training target 2.0 for Fighting reached!
Your Fighting skill increases to level 2!
Your Summonings skill increases to level 1!
Your Ice Magic skill increases to level 6!
You have reached level 7!
Casting: Freeze (safe; 1% risk of failure)
Confirm with . or Enter, or press ? or * to list all spells.
Aiming: Freeze (safe; 1% risk of failure)
Press: ? - help, Shift-Dir - straight line, f - orc
Aim: an orc, wielding a +0 short sword You freeze the orc!
You kill the orc!
Sif Muna accepts your kill.
Casting: Freeze (safe; 1% risk of failure)
Confirm with . or Enter, or press ? or * to list all spells.
Aiming: Freeze (safe; 1% risk of failure)
Press: ? - help, Shift-Dir - straight line, f - orc
Aim: an orc, wielding a +0 short sword and wearing a +0 leather armour You freeze the orc.
The orc is almost dead.
Your magical contamination has completely faded away.
Casting: Freeze (safe; 1% risk of failure)
Confirm with . or Enter, or press ? or * to list all spells.
Aiming: Freeze (safe; 1% risk of failure)
Press: ? - help, Shift-Dir - straight line, f/p - orc
Aim: an orc, wielding a +0 short sword and wearing a +0 leather armour (almost dead)
You freeze the orc.
You kill the orc!
Sif Muna accepts your kill.
The orc hits you with a +0 falchion of electrocution.
You are electrocuted!
* * * LOW HITPOINT WARNING * * *
There is a stone staircase leading up here.
You can't go down here!
The orc hits you but does no damage.
You are electrocuted!
You die...

.. #...
.#...
.....
..?.##
####......
#.)oo.>...
###o#
#..@#
#####


You could see 2 orcs.

Vanquished Creatures
  Eustachio (D:5)
  2 ogres (D:4)
  A scorpion (D:4)
  An orc wizard (D:3)
  4 adders
  A worm (D:2)
  A dart slug (D:2)
  7 orcs
  6 endoplasms
  2 giant cockroaches
  9 goblins
  8 hobgoblins
  8 jackals
  8 kobolds
  9 quokkas
  6 ball pythons
  6 bats
  5 frilled lizards
  3 rats
88 creatures vanquished.

Vanquished Creatures (collateral kills)
  A frilled lizard (D:3)
1 creature vanquished.

Vanquished Creatures (others)
  A plant (D:3)
1 creature vanquished.

Grand Total: 90 creatures vanquished

Notes
Turn   | Place    | Note
-------+----------+-------------------------------------------
     0 | D:1      | Supercliff the Deep Elf Ice Elementalist began the quest
                  | for the Orb.
     0 | D:1      | Reached XP level 1. HP: 10/10 MP: 6/6
    85 | D:1      | Reached XP level 2. HP: 5/15 MP: 1/8
   631 | D:1      | Reached skill level 1 in Short Blades
   631 | D:1      | Reached skill level 5 in Ice Magic
   789 | D:1      | Reached XP level 3. HP: 19/19 MP: 8/10
  1471 | D:2      | Found a faded altar of an unknown god.
  1985 | D:2      | Reached XP level 4. HP: 23/24 MP: 3/12
  1995 | D:2      | Learned a level 4 spell: Hailstorm
  2760 | D:3      | Identified a scroll of acquirement
  2760 | D:3      | Acquired 978 gold pieces
  2859 | D:3      | Upgraded the game from 0.27-a0-1378-gdefffd1ff6 to
                  | 0.27-a0-1434-g6f15984924
  2909 | D:3      | Found a runed translucent door.
  2914 | D:3      | Noticed miket3c's ghost (amateur GrCj)
  3039 | D:3      | Found a runed translucent door.
  3181 | D:3      | Reached skill level 1 in Fighting
  3181 | D:3      | Reached skill level 1 in Conjurations
  3192 | D:3      | Reached XP level 5. HP: 29/29 MP: 6/13
  3356 | D:3      | Found a shimmering blue altar of Sif Muna.
  3362 | D:3      | Became a worshipper of Sif Muna the Loreminder
  3956 | D:4      | Found a bloodstained altar of Trog.
  4058 | D:4      | Noticed an ogre
  4067 | D:4      | Noticed an ogre
  4097 | D:4      | Killed an ogre
  4098 | D:4      | Reached skill level 5 in Spellcasting
  4172 | D:4      | Killed an ogre
  4173 | D:4      | Reached XP level 6. HP: 30/35 MP: 15/15
  4363 | D:4      | Learned a level 3 spell: Frozen Ramparts
  4370 | D:4      | Learned a level 6 spell: Shadow Creatures
  5058 | D:5      | Entered Level 5 of the Dungeon
  5058 | D:5      | Noticed Eustachio
  5067 | D:5      | Killed Eustachio
  5068 | D:5      | Reached skill level 1 in Summonings
  5068 | D:5      | Reached skill level 6 in Ice Magic
  5068 | D:5      | Reached XP level 7. HP: 17/40 MP: 17/17
  5072 | D:5      | Mangled by an orc

Illustrated notes

Levels and vault maps discovered:
D:1:      minmay_arrival_five_plusses, layout_loops_ring
D:2:      layout_basic, hellmonk_ecumenical_altar_lost_god,
          roderic_roman_lattice, minmay_increasing_density
D:3:      layout_loops_cross, led_sif_pool, ebering_ghost_sewer_f,
          serial_forest, infiniplex_forest_straight_3,
          infiniplex_forest_corner_1, infiniplex_forest_diagonal,
          infiniplex_forest_diagonal, infiniplex_forest_split,
          infiniplex_forest_lined_2, infiniplex_forest_clump_small
D:4:      layout_basic, trog_three_pillars_becter
D:5:      layout_basic, minmay_temple_entry_butterflies, uniq_eustachio,
          uniq_ijyb

Skill      XL: |  1  2  3  4  5  6 |
---------------+-------------------+-----
Short Blades   | 1 |  1.0
Ice Magic      | 5 6 |  6.1
Spellcasting   | 4 5 |  5.7
Fighting       | 1 2 |  2.0
Conjurations   | 1 3 |  3.8
Summonings     | 1 |  1.0
Dodging        | |  2.4
Stealth        | |  2.4

Action                   |  1- 3 |  4- 6 |  7- 9 || total
-------------------------+-------+-------+-------++-------
Melee: Short sword       |    37 |    24 |       ||    61
Throw: Stone             |     6 |    23 |       ||    29
 Cast: Freeze            |    51 |    51 |     3 ||   105
Evoke: Wand              |       |     3 |       ||     3
  Use: Scroll            |       |     4 |       ||     4
       Potion            |       |     2 |       ||     2
 Stab: Sleeping          |     5 |     2 |       ||     7
Armor: Robe              |    16 |    15 |     1 ||    32
Dodge: Dodged            |    48 |    45 |       ||    93

Table legend: (Time is in decaauts)
 A = Elapsed time spent in this place.
 B = Non-inter-level travel time spent in this place.
 C = Inter-level travel time spent in this place.
 D = Time resting spent in this place.
 E = Time spent auto-exploring this place.
 F = Levels seen in this place.
 G = Mean time per level.
                   A        B        C        D        E       F      G
               +--------+--------+--------+--------+--------+-----+--------+
         Total |   5076 |   4866 |    210 |   1038 |   3210 |   5 | 1015.2 |
       Dungeon |   5076 |   4866 |    210 |   1038 |   3210 |   5 | 1015.2 |
               +--------+--------+--------+--------+--------+-----+--------+

Top non-repeatable levels by time:
     D:2: 1555 daAuts
     D:4: 1309 daAuts
     D:1: 1201 daAuts
     D:3: 997 daAuts
     D:5: 13 daAuts
